 Dungeon Crawl Stone Soup version 0.17.0-24-gcfadda4 (webtiles) character file.

2018 M4edhros the Covert (level 9, -3/53 HPs)
             Began as an Octopode Artificer on Nov 18, 2015.
             Was a Believer of Okawaru.
             Slain by a wight
             ... wielding a cursed +0 morningstar of crushing
              (4 damage)
             ... on level 7 of the Dungeon.
             The game lasted 00:19:30 (9018 turns).

M4edhros the Covert (Octopode Artificer)            Turns: 9018, Time: 00:19:30

Health: -3/53      AC:  1    Str: 11    XL:     9   Next: 23%
Magic:  24/24      EV: 12    Int: 14    God:    Okawaru [**....]
Gold:   254        SH:  0    Dex: 15    Spells: 0 memorised, 8 levels left

rFire  . . .     SeeInvis .     g - -1 rapier (curse)
rCold  . . .     Clarity  .     (no shield)
rNeg   . . .     SustAt   .     (helmet restricted)
rPois  .         Gourm    .     r - amulet of faith
rElec  .         Spirit   .     l - ring of magical power
rCorr  .         Warding  .     (no ring)
rMut   .         Stasis   .     (no ring)
MR     .....                    (no ring)
Stlth  ++++++....               (no ring)
                                (no ring)
                                (no ring)
                                (no ring)

@: drained, not resistant to hostile enchantments, very stealthy
A: almost no armour, amphibious, 8 rings, constrict 8, camouflage 1, gelatinous
body 1
a: Heroism, Renounce Religion


You were on level 7 of the Dungeon.
You worshipped Okawaru.
Okawaru was pleased with you.
You were not hungry.

You visited 1 branch of the dungeon, and saw 7 of its levels.

You collected 254 gold pieces.

Inventory:

Hand Weapons
 a - a +0 short sword
 g - a cursed -1 rapier (weapon)
 i - a +2 trident of piercing
 m - a +0 hunting sling
Missiles
 k - a throwing net
 n - 188 stones (quivered)
 p - 68 sling bullets
Jewellery
 l - a ring of magical power (left tentacle)
 r - an amulet of faith (around mantle)
 u - an uncursed amulet of the gourmand
Wands
 b - a wand of flame (0)
 c - a wand of enslavement (12)
 d - a wand of random effects (0)
 q - a wand of slowing (2)
Scrolls
 h - 2 scrolls of identify
 s - a scroll of recharging
 t - a scroll of fear
Potions
 j - 2 potions of curing
Books
 v - a book of Geomancy

   Spells                             Type                      Level
   a - Sandblast                      Earth                        1
   b - Stoneskin                      Transmutation/Earth          2
   c - Passwall                       Transmutation/Earth          3
   d - Stone Arrow                    Conjuration/Earth            3
   e - Petrify                        Transmutation/Earth          4
   f - Lee's Rapid Deconstruction     Earth                        5
Comestibles
 e - 4 bread rations
 f - 11 fruits
 o - a slice of pizza


   Skills:
 - Level 1.0(0.7) Fighting
 - Level 1.0(0.7) Short Blades
 - Level 6.2(5.9) Slings
 - Level 2.0(1.7) Dodging
 + Level 9.9(9.6) Stealth
 + Level 8.5(8.2) Evocations


You had 8 spell levels left.
You didn't know any spells.

Dungeon Overview and Level Annotations

Branches:
Dungeon (7/15)             Temple (0/1) D:7

Altars:
Cheibriados
Elyvilon
Fedhas
Kikubaaqudgha
Makhleb
Nemelex Xobeh
Okawaru
Ru
Sif Muna

Annotations:
D:2 Terence
D:6 Pikel


Innate Abilities, Weirdness & Mutations

You cannot wear most types of armour.
You are amphibious.
You can wear up to eight rings at the same time.
You can use your tentacles to constrict eight enemies at once.
Your skin changes colour to match your surroundings (Stealth).
Your rubbery body absorbs attacks (AC +1).


Message History

You hit the wight. You grab the wight.
You squeeze the wight, but do no damage.
The wight is lightly damaged.
You constrict the wight, but do no damage.
The wight hits you with a morningstar of crushing!
* * * LOW HITPOINT WARNING * * *
x2 You are too injured to fight recklessly!
Drink which item? (? for menu, Esc to quit)
You feel better.
You constrict the wight, but do no damage.
The wight closely misses you.
You hit the wight but do no damage.
The wight is lightly damaged.
You constrict the wight. The wight closely misses you.
You hit the wight. You squeeze the wight!
The wight is almost destroyed.
You constrict the wight, but do no damage.
The wight hits you with a morningstar of crushing!
* * * LOW HITPOINT WARNING * * *
You die...

#..# #..†.....# #..# #.###.##.#
####..# #####.# #.##.#
#######.....# #.....# #.##.#
....z.......######.#######.##.#
###.####)...##.............##.#
#.....##....##.###.##########.#
.......#.......###.## #.#
.......#..#.....@z.<# #.#
..._...(..########..# #.#
....)).#.......>z.).# #.#
.......#.##########.#########.#
#.....##.# #...........##.#
###.####.#######.##.######.##.#
........).......<.............#
######....######.#########.####
###### #.#########.#


You could see a wight.

Vanquished Creatures
  Grinder (D:5)
  A human (D:4)
  A slave (D:6)
  A black bear (D:7)
  An ice beast (D:7)
  A centaur (D:4)
  3 ogres
  Blork the orc (D:6)
  A giant frog (D:5)
  A scorpion (D:6)
  3 wights (D:7)
  4 crimson imps
  3 giant frog zombies
  A jelly (D:7)
  2 giant frog skeletons (D:4)
  7 orc wizards
  3 hounds
  An iguana (D:5)
  3 worker ants
  A hound zombie (D:4)
  8 adders
  2 oozes
  An adder skeleton (D:5)
  3 worms
  5 giant geckos
  14 orcs
  6 giant cockroaches
  7 goblins
  8 hobgoblins
  3 jackals (D:3)
  4 quokkas
  9 bats
  2 giant newts
  A jackal skeleton (D:5)
  5 kobolds
  A quokka skeleton (D:4)
  6 rats
125 creatures vanquished.

Vanquished Creatures (collateral kills)
  A slave (D:5)
  A hound (D:5)
  A worm (D:2)
  A bat (D:3)
  A kobold (D:3)
5 creatures vanquished.

Vanquished Creatures (others)
  A centaur skeleton (D:5)
  A jelly (D:7)
  2 orc priests
  An adder (D:2)
  A jackal (D:3)
  4 toadstools (D:1)
10 creatures vanquished.

Grand Total: 140 creatures vanquished

Notes
Turn   | Place    | Note
--------------------------------------------------------------
     0 | D:1      | M4edhros the Octopode Artificer began the quest for the Orb.
     0 | D:1      | Reached XP level 1. HP: 13/13 MP: 3/3
   409 | D:1      | Reached XP level 2. HP: 18/18 MP: 4/4
   919 | D:1      | Reached XP level 3. HP: 19/23 MP: 5/5
  1014 | D:2      | Reached skill level 4 in Evocations
  1291 | D:3      | Reached skill level 1 in Slings
  1738 | D:4      | Noticed an ogre
  1784 | D:5      | Entered Level 5 of the Dungeon
  1821 | D:5      | Reached XP level 4. HP: 23/28 MP: 7/7
  1858 | D:5      | HP: 1/28 [centaur skeleton (7)]
  2216 | D:5      | Reached XP level 5. HP: 25/33 MP: 8/8
  2293 | D:5      | Found a snail-covered altar of Cheibriados.
  2343 | D:5      | Noticed an ogre
  2436 | D:5      | Found a snail-covered altar of Cheibriados.
  2713 | D:5      | Noticed a giant frog
  2726 | D:5      | Noticed an ogre
  2744 | D:5      | Killed an ogre
  2744 | D:5      | Reached skill level 5 in Evocations
  2744 | D:5      | Reached XP level 6. HP: 38/38 MP: 9/9
  2749 | D:5      | Killed a giant frog
  2749 | D:5      | Reached skill level 5 in Stealth
  3405 | D:5      | Killed an ogre
  3405 | D:5      | Reached XP level 7. HP: 13/43 MP: 11/11
  3624 | D:5      | Noticed Grinder
  3676 | D:5      | HP: 2/43 [Grinder/nerve-wracking pain (7)]
  3678 | D:5      | Killed Grinder
  3678 | D:5      | Reached skill level 6 in Stealth
  4086 | D:6      | Noticed Blork the orc
  4093 | D:6      | Killed Blork the orc
  4262 | D:6      | Found a sacrificial altar of Ru.
  4302 | D:6      | Noticed Pikel
  4314 | D:6      | Found an iron altar of Okawaru.
  4320 | D:6      | Became a worshipper of Warmaster Okawaru
  4950 | D:2      | Found a sparkling altar of Nemelex Xobeh.
  5063 | D:2      | Noticed Terence
  5785 | D:2      | Noticed Terence
  5785 | D:2      | Terence changed into Terence the killer bee
  5952 | D:4      | Reached skill level 7 in Stealth
  6025 | D:4      | Found a burning altar of Makhleb.
  6174 | D:4      | Reached XP level 8. HP: 22/48 MP: 12/12
  6597 | D:4      | Reached skill level 5 in Slings
  6949 | D:4      | an ogre changed into a human
  6958 | D:4      | Reached * piety under Okawaru
  7078 | D:4      | Reached skill level 8 in Stealth
  7748 | D:6      | Found a white marble altar of Elyvilon.
  7879 | D:6      | Found an ancient bone altar of Kikubaaqudgha.
  8099 | D:7      | Found a sparkling altar of Nemelex Xobeh.
  8319 | D:7      | Reached ** piety under Okawaru
  8327 | D:7      | Found a blossoming altar of Fedhas.
  8367 | D:7      | Found a staircase to the Ecumenical Temple.
  8438 | D:7      | Reached skill level 9 in Stealth
  8438 | D:7      | Reached XP level 9. HP: 49/53 MP: 14/14
  8482 | D:7      | Found a deep blue altar of Sif Muna.
  9018 | D:7      | HP: 1/53 [wight/morningstar of crushing (16)]
  9018 | D:7      | Slain by a wight

Action                   |  1- 3 |  4- 6 |  7- 9 || total
-------------------------+-------+-------+-------++-------
Melee: Short sword       |    31 |    10 |       ||    41
       Hunting sling     |     3 |    16 |    26 ||    45
       Rapier            |       |       |   162 ||   162
 Fire: Hunting sling     |    85 |   105 |   140 ||   330
Evoke: Wand              |     5 |     5 |    37 ||    47
  Use: Scroll            |     4 |       |     9 ||    13
       Potion            |       |     5 |     5 ||    10
 Stab: Sleeping          |     4 |     1 |     6 ||    11
       Distracted        |       |       |     1 ||     1
  Eat: Chunk             |     1 |       |    12 ||    13
       Meat ration       |       |     1 |       ||     1
       Bread ration      |       |     1 |     1 ||     2
